Map: Snowbound Colony

Players

Throwfordays

  • Race: Zerg Zerg
  • League: Silver
  • Spawn Location: 7:00

Cthulhu

  • Race: Zerg Zerg
  • Spawn Location: 6:00

Faust

  • Race: Protoss Protoss
  • League: Diamond
  • Spawn Location: 7:00

LtDan

  • Race: Protoss Protoss
  • League: Gold
  • Spawn Location: 1:00

scorcho

  • Race: Zerg Zerg
  • Spawn Location: 12:00

jefe

  • Race: Terran Terran
  • Spawn Location: 1:00

VOD

Have the link to the VOD?

Description

Time

  • Played on: Feb. 27, 2019, 10:36 p.m.
  • Length: 7:29
Show
View Real Time Build Order
Export as new Build Order

Throwfordays Zerg 

Build Orders: Hatch First 

Get SALT Encoding   

  12  0:01  Drone  
  13  0:09  Drone  
  14  0:18  Overlord  
  14  0:44  Hatchery  
  14  0:46  Drone  
  14  0:50  Drone  
  14  0:54  Drone  
  16  1:02  Drone  
  17  1:15  Spawning Pool  
  16  1:39  Drone  
  17  1:42  Extractor  
  17  1:45  Drone, Hatchery  
  16  1:49  Drone  
  17  1:56  Drone  
  18  2:03  Drone  
  18  2:05  Drone  
  20  2:10  Queen  
  22  2:17  Drone  
  22  2:19  Drone  
  24  2:26  Queen  
  26  2:32  Drone  
  27  2:42  Overlord  
  27  2:50  Overlord x2  
  27  2:55  Drone  
  28  3:01  Drone  
  29  3:06  Queen  
  31  3:19  Drone  
  33  3:20  Drone x5  
  33  3:25  Queen  
  39  3:28  Drone  
  40  3:36  Queen  
  42  3:51  Extractor  
  42  3:54  Drone  
  40  4:13  Queen  
  40  4:15  Drone  
  40  4:16  Zergling x12  
  40  4:17  Zergling x4  
  51  4:25  Queen  
  53  4:38  Drone  
  54  4:44  Queen  
  54  4:45  Drone x2  
  58  4:48  Overlord x3  
  58  4:51  Metabolic Boost  
  58  5:05  Queen  
  62  5:16  Drone x3  
  62  5:19  Queen  
  66  5:24  Zergling x12  
  50  5:43  Zergling x4  
  33  5:54  Queen  
  8  6:22  Drone x3  
  8  6:25  Drone x3  
  14  6:30  Queen  
  16  6:46  Queen  
Show
View Real Time Build Order
Export as new Build Order

Cthulhu Zerg 

Build Orders: Hatch First 

Get SALT Encoding   

  12  0:01  Drone  
  13  0:09  Drone  
  14  0:20  Extractor  
  14  0:21  Drone  
  15  0:41  Hatchery  
  14  0:59  Spawning Pool  
  14  1:04  Extractor  
  12  1:06  Extractor  
  11  1:12  Drone  
  11  1:13  Drone  
  11  1:17  Drone  
  14  1:35  Overlord  
  14  1:37  Overlord  
  14  1:54  Drone  
  14  1:55  Drone  
  16  2:02  Drone  
  17  2:14  Lair  
  17  2:25  Drone x2  
  17  2:29  Drone  
  20  2:34  Drone  
  21  2:40  Drone  
  21  2:43  Drone  
  23  2:47  Drone  
  25  2:51  Drone  
  25  2:54  Drone  
  26  3:01  Extractor  
  25  3:15  Spire  
  24  3:26  Queen  
  26  3:28  Queen  
  26  3:32  Drone  
  29  3:35  Drone  
  30  3:48  Drone  
  30  3:49  Drone x3  
  34  3:55  Overlord  
  34  4:02  Overlord  
  34  4:35  Mutalisk x6  
  34  4:38  Zerg Flyer Weapons Level 1  
  46  4:45  Mutalisk x2  
  48  4:47  Overlord  
  50  4:53  Queen  
  50  4:59  Overlord  
  52  5:05  Queen  
  54  5:11  Drone  
  55  5:19  Drone x5  
  60  5:29  Queen  
  62  5:53  Zergling x2  
  62  5:54  Zergling x10  
  66  6:18  Queen  
  66  6:19  Queen  
Show
View Real Time Build Order
Export as new Build Order

Faust Protoss 

Build Orders: Cannon Rush 

Get SALT Encoding   

  12  0:01  Probe  
  13  0:13  Probe  
  14  0:18  Pylon  
  14  0:25  Probe  
  15  0:37  Probe  
  16  0:43  Forge  
  16  0:49  Probe  
  17  0:54  Assimilator  
  17  1:01  Probe  
  18  1:07  Pylon  
  18  1:13  Probe  
  19  1:29  Pylon  
  19  1:47  Photon Cannon  
  19  1:50  Photon Cannon  
  19  1:51  Pylon  
  19  1:55  Photon Cannon  
  19  1:58  Photon Cannon  
  19  2:05  Photon Cannon  
  19  2:15  Photon Cannon  
  19  2:19  Photon Cannon  
  19  2:20  Probe  
  19  2:28  Probe  
  19  2:29  Gateway  
  19  2:36  Probe  
  20  2:41  Pylon  
  21  2:44  Probe  
  22  2:52  Probe  
  23  3:00  Assimilator  
  23  3:03  Probe  
  24  3:15  Probe  
  25  3:21  Cybernetics Core  
  25  3:30  Probe  
  25  3:35  Nexus  
  25  3:38  Pylon, Probe  
  26  3:46  Pylon  
  27  3:49  Warp Gate  
  27  3:51  Assimilator  
  27  3:53  Probe  
  28  4:02  Assimilator  
  28  4:05  Probe  
  29  4:13  Gateway  
  29  4:36  Probe  
  29  4:40  Protoss Ground Weapons Level 1  
  29  4:45  Probe  
  30  4:49  Gateway  
  31  4:54  Probe  
  32  5:04  Pylon  
  32  5:06  Probe  
  33  5:09  Photon Cannon  
  33  5:16  Photon Cannon  
  33  5:25  Twilight Council  
  33  5:27  Probe x2  
  35  5:38  Stalker x2  
  39  5:48  Stalker  
  40  6:02  Stalker x2  
  41  6:25  Zealot  
  34  6:28  Zealot x2  
  29  6:49  Zealot x3  
  31  7:08  Zealot  
  31  7:09  Zealot  
  31  7:10  Zealot  
  37  7:16  Probe x2  
Show
View Real Time Build Order
Export as new Build Order

LtDan Protoss 

Build Orders:  

Get SALT Encoding   

  12  0:01  Probe  
  13  0:13  Probe  
  14  0:18  Pylon  
  14  0:25  Probe  
  15  0:33  Probe  
  15  0:41  Gateway  
  16  0:54  Probe  
  17  0:58  Assimilator  
  17  1:00  Assimilator  
  17  1:02  Probe  
  18  1:13  Probe  
  19  1:25  Probe  
  19  1:27  Pylon  
  20  1:33  Cybernetics Core  
  20  1:37  Probe  
  21  2:00  Probe  
  22  2:08  Probe  
  22  2:14  Warp Gate  
  23  2:30  Forge  
  23  2:35  Stargate  
  23  2:40  Gateway  
  23  2:42  Gateway  
  23  2:46  Probe  
  23  2:50  Robotics Facility  
  24  2:58  Probe  
  24  3:00  Stalker  
  27  3:12  Probe  
  28  3:32  Stalker  
  30  3:38  Pylon  
  30  3:41  Pylon  
  30  3:47  Immortal  
  37  4:08  Void Ray  
  37  4:14  Stalker  
  39  4:33  Immortal  
  43  5:00  Phoenix  
  43  5:02  Nexus  
  43  5:04  Probe  
  43  5:05  Pylon  
  46  5:09  Stargate  
  46  5:30  Stalker  
  46  5:31  Stalker  
  44  5:45  Stalker  
  30  6:10  Probe  
  31  6:23  Probe  
Show
View Real Time Build Order
Export as new Build Order

scorcho Zerg 

Build Orders: Pool First 

Get SALT Encoding   

  12  0:01  Drone  
  13  0:14  Overlord  
  13  0:18  Drone  
  14  0:33  Drone x2  
  16  0:36  Drone  
  17  0:47  Spawning Pool  
  16  0:53  Extractor  
  16  0:55  Drone  
  16  1:00  Drone  
  17  1:14  Drone  
  18  1:31  Hatchery  
  17  1:33  Drone  
  17  1:38  Queen  
  20  1:52  Zergling x4  
  22  2:19  Roach Warren  
  21  2:27  Overlord  
  21  2:47  Roach Warren  
  21  2:49  Drone x2  
  21  2:50  Drone  
  23  2:51  Metabolic Boost  
  23  3:03  Queen  
  25  3:14  Drone x2  
  27  3:27  Drone  
  27  3:28  Drone x3  
  31  3:45  Extractor  
  31  3:47  Roach  
  31  3:48  Roach x2  
  36  3:57  Overlord x3  
  35  4:24  Roach x6  
  43  4:31  Spore Crawler  
  46  4:33  Spore Crawler  
  46  4:36  Drone x2  
  47  4:47  Evolution Chamber  
  47  4:48  Lair  
  47  4:51  Ravager  
  47  4:52  Ravager  
  48  4:59  Zergling x4  
  50  5:02  Ravager  
  50  5:05  Zergling x2  
  50  5:06  Zergling x2  
  51  5:53  Spore Crawler  
  51  5:55  Spore Crawler  
  49  6:00  Hydralisk Den  
  45  6:24  Zergling x2  
  45  6:25  Zergling x22  
  50  6:41  Hydralisk x3  
  54  7:00  Hydralisk  
Show
View Real Time Build Order
Export as new Build Order

jefe Terran 

Build Orders:  

Get SALT Encoding   

  12  0:01  SCV  
  13  0:13  SCV  
  14  0:18  Supply Depot  
  14  0:25  SCV  
  15  0:46  Barracks  
  15  0:48  SCV  
  16  0:56  Refinery  
  16  1:00  SCV  
  17  1:12  SCV  
  18  1:19  Supply Depot  
  18  1:24  SCV  
  19  1:34  Marine  
  19  1:38  Barracks  
  20  1:41  Orbital Command  
  20  1:50  Barracks  
  20  2:02  Marine  
  21  2:09  SCV  
  22  2:20  Marine  
  23  2:26  Barracks Tech Lab  
  23  2:32  SCV  
  23  2:33  Refinery  
  24  2:38  Marine  
  25  2:47  Marauder  
  25  2:49  Barracks Tech Lab  
  27  3:03  Marine  
  28  3:07  Stimpack  
  28  3:08  Marauder  
  30  3:21  Marine  
  30  3:25  Supply Depot  
  30  3:26  Supply Depot  
  31  3:34  Factory  
  31  3:47  Marauder x2  
  35  4:09  Marine, Marauder x2  
  40  4:20  Factory Tech Lab  
  40  4:30  Supply Depot, Marauder x2  
  44  4:47  Engineering Bay  
  44  4:50  SCV  
  44  4:51  Marauder  
  44  4:52  Marauder  
  49  5:00  Siege Tank  
  52  5:43  Missile Turret  
  52  5:45  Missile Turret x2  
  52  5:46  Missile Turret  
  52  5:48  Missile Turret  
  52  5:49  Missile Turret  
  49  5:51  Missile Turret  
  49  5:52  Marine, Missile Turret  
  49  5:53  Marine x2, Missile Turret  
  45  6:34  Marine, Marauder x2  
  48  6:55  Marauder x2  
  48  7:00  Armory  
  48  7:01  Starport  
Tags
 
Add a new tag
Caveats
  • Supply blocks, unpowered buildings, or Contaminate may cause inaccurate times.
  • Supply counts are checked every 10 seconds.